 Dungeon Crawl Stone Soup version 0.30.1-4-g462c640d31 (webtiles) character file.

Game seed: 2205167184901854967

32 Logoto the Firebug (level 3, -1/26 HPs)
             Began as a Draconian Fire Elementalist on Aug 30, 2023.
             Slain by a worm (2 damage)
             ... on level 2 of the Dungeon.
             The game lasted 00:03:10 (1744 turns).

Logoto the Firebug (Draconian Fire Elementalist)    Turns: 1744, Time: 00:03:11

Health: -1/26      AC:  5    Str: 12    XL:     3   Next: 8%
Magic:  2/6        EV: 12    Int: 15    God:
Gold:   39         SH:  0    Dex: 11    Spells: 3/6 levels left

rFire   . . .        (no weapon)
rCold   . . .        (no shield)
rNeg    . . .        (body armour unavailable)
rPois   .            (helmet restricted)
rElec   .            (no cloak)
rCorr   .            (no gloves)
SInv    .            (no boots)
Will    .....        (no amulet)
Stlth   ++           (no ring)
HPRegen 0.24/turn    (no ring)
MPRegen 0.10/turn

%: no passive effects
@: no status effects
A: AC +5, unfitting armour, cold-blooded
a: no special abilities


You were on level 2 of the Dungeon.
You visited 1 branch of the dungeon, and saw 2 of its levels.

You collected 39 gold pieces.

Inventory:

Scrolls
 c - a scroll of immolation {unknown}
 f - a scroll of poison {unknown}
 g - 2 scrolls of identify {unknown}
 h - a scroll of amnesia {unknown}
Potions
 a - a potion of magic
 b - a potion of heal wounds {unknown}
 d - a potion of brilliance {unknown}
 e - a potion of resistance {unknown}


   Skills:
 + Level 2.0 Dodging
 + Level 2.0 Stealth
 + Level 2.3 Spellcasting
 + Level 1.6 Conjurations
 + Level 3.4 Fire Magic


You had 3 spell levels left.
You knew the following spells:

 Your Spells              Type           Power      Damage    Failure   Level
a - Foxfire               Conj/Fire      36%        2x1d5     8%          1
b - Scorch                Fire           24%        2d6       8%          2

Your spell library contained the following spells:

 Spells                   Type           Power      Damage    Failure   Level
 Inner Flame              Hex/Fire       6%         N/A       32%         3
 Volatile Blastmotes      Fire/Tloc      12%        2d11      32%         3
 Flame Wave               Conj/Fire      9%         2d6       58%         4


Dungeon Overview and Level Annotations

Branches:
Dungeon (2/15)

Altars:


Innate Abilities, Weirdness & Mutations

Your plain brown scales are hard. (AC +5)
You cannot fit into any form of body armour.
You are cold-blooded and may be slowed by cold attacks.


Message History

You conjure some foxfire!
The adder hisses angrily.
The foxfire hits the worm.
The worm is lightly wounded.
The foxfire hits the worm.
The worm is lightly wounded.
Your foxfire dissipates!
The foxfire hits the worm.
The worm is lightly wounded.
There is a stone staircase leading up here.
You climb upwards.
There is a stone staircase leading down here.
You climb downwards.
The adder misses you. The adder bites you.
You are poisoned.
The adder poisons you! The worm bites you but does no damage.
There is a stone staircase leading up here.
You feel sick. The adder bites you but does no damage. The worm misses you.
You climb upwards.
You feel sick.
There is a stone staircase leading down here.
There are monsters nearby!
You hit the worm but do no damage.
You feel sick. The adder bites you. The adder bites you but does no damage.
You hit the worm.
The worm is lightly wounded.
You feel sick. The adder barely misses you. The worm bites you.
* * * LOW HITPOINT WARNING * * *
You barely miss the worm.
The worm is lightly wounded.
* * * LOW HITPOINT WARNING * * *
You feel sick. The adder barely misses you.
* * * LOW HITPOINT WARNING * * *
You feel sick.
You are no longer poisoned.
The adder closely misses you. The worm barely misses you. The adder misses you.
You climb downwards.
There is a stone staircase leading up here.
There are monsters nearby!
There are monsters nearby!
The worm bites you.
You die...

##...###..†.........)
....<.........####.#
##.#####.....†#
#[.....# #......#
#......# #......#
####w.....#
#...S@....#
#.######### .. ... ..
.


You could see a worm and an adder.

Vanquished Creatures
  7 ball pythons (D:1)
  2 endoplasms
  2 giant cockroaches (D:1)
  7 hobgoblins
  2 jackals (D:1)
  2 kobolds (D:1)
  A quokka (D:1)
  2 bats (D:1)
  2 rats (D:2)
27 creatures vanquished.

Vanquished Creatures (others)
  82 foxfires
82 creatures vanquished.

Grand Total: 109 creatures vanquished

Notes
Turn   | Place    | Note
-------+----------+-------------------------------------------
     0 | D:1      | Logoto the Draconian Fire Elementalist began the quest for
                  | the Orb.
     0 | D:1      | Reached XP level 1. HP: 14/14 MP: 3/3
   346 | D:1      | Found a faded altar of an unknown god.
   360 | D:1      | Reached XP level 2. HP: 20/20 MP: 0/5
   521 | D:1      | Learned a level 2 spell: Scorch
  1632 | D:2      | Reached XP level 3. HP: 26/26 MP: 3/6
  1741 | D:1      | HP: 1/26 [poisoned by an adder]
  1744 | D:2      | Slain by a worm

Illustrated notes

Levels and vault maps discovered:
D:1:      scummos_arrival_forest, layout_loops_cross,
          ebering_ecumenical_altar_rust, minmay_distorted
D:2:      layout_rooms

Skill      XL: |  1  2  3 |
---------------+----------+-----
Stealth        | 2 |  2.0
Dodging        | 2 |  2.0
Spellcasting   | |  2.3
Conjurations   | |  1.6
Fire Magic     | |  3.4

Action                     || total
---------------------------++-------
  Melee: Unarmed           ||    44
         Punch             ||     2
         Tailslap          ||     3
   Cast: Foxfire           ||    61
         Scorch            ||     2
 Armour: Skin              ||    40
  Dodge: Dodged            ||    71
